 Dungeon Crawl Stone Soup version 0.30-a0-586-g23e55c9e0a (webtiles) character file.

Game seed: 14502507005010265063

4463 Dartaoz the Gusty (level 10, -8/83 HPs)
             Began as a White Draconian Air Elementalist on Jan 3, 2023.
             Was a Believer of Sif Muna.
             Mangled by a yak (13 damage)
             ... on level 9 of the Dungeon.
             The game lasted 01:04:29 (11774 turns).

Dartaoz the Gusty (DrAE)                           Turns: 11774, Time: 01:04:30

Health: -8/83      AC:  9    Str: 10    XL:     10   Next: 15%
Magic:  7/18       EV: 14    Int: 20    God:    Sif Muna [**....]
Gold:   317        SH:  0    Dex: 14    Spells: 10/20 levels left

rFire   . . .      SeeInvis .    k - +4 spear "Isajiy" {protect, *Slow rElec rPois Dex+2 Stlth+}
rCold   + . .      Faith    .    (no shield)
rNeg    . . .      Spirit   .    (body armour unavailable)
rPois   +          Reflect  .    (helmet restricted)
rElec   +          Harm     .    c - +0 cloak
rCorr   .          Rampage  .    j - +0 pair of gloves
Will    .....                    (no boots)
Stlth   ++++                     (no amulet)
HPRegen 0.33/turn                g - ring of wizardry
MPRegen 0.16/turn                (no ring)

@: about to teleport
A: breathe frost, AC +7, unfitting armour, cold resistance 1, cold-blooded
a: Breathe Frost, Renounce Religion, Channel Magic


You were on level 9 of the Dungeon.
You worshipped Sif Muna.
Sif Muna was pleased with you.
You visited 2 branches of the dungeon, and saw 10 of its levels.

You collected 482 gold pieces.
You spent 165 gold pieces at shops.

Inventory:

Hand Weapons
 k - the +4 spear "Isajiy" (weapon) {protect, *Slow rElec rPois Dex+2 Stlth+}
   (You found it on level 3 of the Dungeon)

   It grants its wielder temporary protection when it strikes (+7 to AC).
   Dex:       It affects your dexterity (+2).
   rElec:     It insulates you from electricity.
   rPois:     It protects you from poison.
   *Slow:     It may slow you when you take damage.
   Stlth:     It makes you more stealthy.
Armour
 c - a +0 cloak (worn)
 j - a +0 pair of gloves (worn)
Jewellery
 g - a ring of wizardry (left hand)
 l - a +4 ring of protection
 t - a +6 ring of strength
 y - a +6 ring of dexterity
Wands
 u - a wand of flame (21)
 D - a wand of polymorph (3)
 J - a wand of charming (3)
Scrolls
 f - a scroll of fear {unknown}
 i - a scroll of immolation
 n - 3 scrolls of enchant weapon
 r - a scroll of magic mapping
 w - a scroll of torment {unknown}
 x - a scroll of poison {unknown}
 z - a scroll of brand weapon {unknown}
 A - a scroll of summoning {unknown}
 C - 2 scrolls of enchant armour {unknown}
 G - a scroll of blinking {unknown}
 H - a scroll of fog {unknown}
 K - a scroll of identify
Potions
 a - 3 potions of magic
 b - 3 potions of heal wounds
 d - 2 potions of degeneration
 h - 6 potions of curing
 m - 2 potions of haste
 o - 2 potions of brilliance
 p - 2 potions of lignification
 q - a potion of resistance
 s - 2 potions of mutation
 v - 2 potions of flight
 B - a potion of cancellation {unknown}
 E - 4 potions of invisibility {unknown}
 F - a potion of ambrosia {unknown}
 I - a potion of attraction {unknown}


   Skills:
 + Level 5.9 Fighting
 + Level 5.1 Polearms
 + Level 5.4 Dodging
 - Level 4.2 Stealth
 + Level 5.5 Spellcasting
 + Level 5.6 Conjurations
 + Level 6.4 Air Magic
 + Level 4.3 Invocations


You had 10 spell levels left.
You knew the following spells:

 Your Spells              Type           Power      Damage    Failure   Level
a - Shock                 Conj/Air       100%       1d9       1%          1
b - Static Discharge      Conj/Air       58%        2-5/arc   1%          2
c - Swiftness             Air            31%        N/A       1%          3
d - Airstrike             Air            15%        2d(3-19)  3%          4

Your spell library contained the following spells:

 Spells                   Type           Power      Damage    Failure   Level
 Kiss of Death            Conj/Necr      64%        2d10      1%          1
 Vhi's Electric Charge    Tloc/Air       36%        N/A       3%          3
 Summon Small Mammal      Summ           20%        N/A       4%          1
 Scorch                   Fire           10%        2d5       7%          2
 Call Canine Familiar     Summ           5%         N/A       13%         3
 Confusing Touch          Hex            5%         N/A       13%         3
 Frozen Ramparts          Ice            10%        1d2       13%         3
 Summon Guardian Golem    Hex/Summ       5%         N/A       13%         3
 Flame Wave               Conj/Fire      16%        2d7       14%         4
 Freezing Cloud           Conj/Ice/Air   10%        6-21      24%         5
 Silence                  Hex/Air        9%         N/A       32%         5
 Dispel Undead            Necr           5%         3d7       38%         4
 Ice Form                 Ice/Tmut       5%         N/A       38%         4
 Olgreb's Toxic Radiance  Pois           5%         N/A       38%         4
 Summon Ice Beast         Ice/Summ       5%         N/A       38%         4
 Conjure Ball Lightning   Conj/Air       14%        3x3d6     47%         6
 Blade Hands              Tmut           2%         N/A       73%         5
 Iron Shot                Conj/Erth      8%         9d3       88%         6
 Summon Cactus Giant      Summ           2%         N/A       99%         6
 Ozocubu's Refrigeration  Ice            2%         4d8       100%        7
 Ignition                 Fire           2%         3d3       100%        8
 Animate Armour           Summ/Erth      Unusable   N/A       N/A         4

Dungeon Overview and Level Annotations

Branches:
Dungeon (9/15)             Temple (1/1) D:4
   Lair: D:8-11         Orc: D:9-12

Altars:
Ashenzari
Cheibriados
Dithmenos
Elyvilon
Fedhas
Gozag
Hepliaklqana
Kikubaaqudgha
Makhleb
Nemelex Xobeh
Okawaru
Qazlal
Ru
Sif Muna
Trog
Uskayaw
Vehumet
Wu Jian
Xom
Yredelemnul
Zin
The Shining One

Shops:
D:4 =**!   D:5 :


Innate Abilities, Weirdness & Mutations

You can breathe waves of freezing cold which knock back foes.
Your icy white scales are hard. (AC +7)
You cannot fit into any form of body armour.
Your flesh is cold resistant. (rC+)
You are cold-blooded and may be slowed by cold attacks.


Message History

The yak is severely wounded.
The lightning grounds out.
The centaur warrior hits you but does no damage.
The centaur warrior kicks you.
The yak gores you but does no damage. x2
The yak gores you! The yak closely misses you.
As you read the scroll of teleportation, it crumbles to dust.
You feel strangely unstable. The centaur warrior closely misses you.
The centaur warrior kicks you. The yak gores you!
The yak closely misses you. x2
The yak barely misses you.
The centaur warrior hits you but does no damage.
The centaur warrior kicks you but does no damage.
Casting: Static Discharge (safe; 1% risk of failure)
Confirm with . or Enter, or press ? or * to list all spells.
The yak is struck by an arc of lightning.
The yak is severely wounded.
The centaur warrior is struck by an arc of lightning.
The centaur warrior is moderately wounded.
The lightning grounds out.
The yak is struck by an arc of lightning.
The yak is heavily wounded.
The yak is struck by an arc of lightning.
The yak is severely wounded.
The yak is struck by an arc of lightning.
The yak is heavily wounded.
The lightning grounds out.
The yak is struck by an arc of lightning.
The yak is lightly wounded.
The yak is struck by an arc of lightning.
The yak is severely wounded.
The centaur warrior is struck by an arc of lightning.
The centaur warrior is moderately wounded.
The lightning grounds out.
The centaur warrior hits you!
* * * LOW HITPOINT WARNING * * *
The centaur warrior kicks you but does no damage.
The yak gores you!
* * * LOW HITPOINT WARNING * * *
The yak gores you but does no damage. The yak gores you.
* * * LOW HITPOINT WARNING * * *
The yak gores you!
You die...

# ..#........##........## ###
###..##.##............# #..
..#........#..........# #.#
#.#.........#.....)..## #.#
#.#.........##..##..##
#.#######.#.............#####
........................####
....................##.....#####
...............Y@Y...#......#..#
.........)....YcYY..###.#......#
...............(Y...##.........#
.###.....###..).(....#..##.....##
.# #.....# #..(..................
.# #.....###..........##.........
................#................
................##....#.##.......
..^.._..........##...##.......#.


You could see a centaur warrior and 6 yaks.

Vanquished Creatures
  Harold (D:9)
  A troll (D:9)
  Prince Ribbit (D:9)
  2 yaks
  A wyvern (D:9)
  A water moccasin (D:8)
  A sky beast (D:7)
  3 ice beasts
  3 orc warriors
  A centaur (D:5)
  2 ogres
  2 phantoms
  3 kobold brigands
  2 bullfrogs
  A necrophage (D:4)
  A scorpion (D:6)
  A gnoll sergeant (D:7)
  4 wights (D:7)
  8 killer bees
  A howler monkey (D:9)
  A hound (D:7)
  2 quasits
  4 orc priests
  An iron imp (D:9)
  3 iguanas (D:6)
  4 orc wizards
  Ijyb (D:5)
  4 adders
  7 gnolls
  2 shadow imps (D:4)
  6 white imps
  6 ufetubi
  A worm (D:4)
  9 dart slugs
  12 orcs
  8 endoplasms
  8 giant cockroaches
  14 hobgoblins
  4 jackals (D:2)
  3 quokkas
  8 ball pythons
  8 bats
  10 goblins
  19 kobolds
  7 rats
192 creatures vanquished.

Vanquished Creatures (others)
  A human (D:4)
1 creature vanquished.

Grand Total: 193 creatures vanquished

Notes
Turn   | Place    | Note
-------+----------+-------------------------------------------
     0 | D:1      | Dartaoz the Draconian Air Elementalist began the quest for
                  | the Orb.
     0 | D:1      | Reached XP level 1. HP: 14/14 MP: 3/3
   390 | D:1      | Reached XP level 2. HP: 22/22 MP: 0/5
   446 | D:1      | Learned a level 2 spell: Static Discharge
  1382 | D:1      | Reached skill level 1 in Fighting
  1386 | D:1      | Reached XP level 3. HP: 28/28 MP: 1/6
  1517 | D:1      | Learned a level 3 spell: Swiftness
  2869 | D:3      | Reached XP level 4. HP: 21/35 MP: 1/7
  3313 | D:3      | Got the Directory of Electricity
  3314 | D:3      | Identified the +4 spear "Isajiy" {protect, *Slow rElec
                  | rPois Dex+2 Stlth+}
  4164 | D:3      | Reached XP level 5. HP: 34/41 MP: 1/8
  4453 | D:4      | Found a staircase to the Ecumenical Temple.
  4460 | D:4      | Noticed a phantom
  4462 | Temple   | Entered the Ecumenical Temple
  4745 | Temple   | Became a worshipper of Sif Muna the Loreminder
  4774 | D:4      | Killed a phantom
  4775 | D:4      | Reached skill level 1 in Polearms
  4775 | D:4      | Reached XP level 6. HP: 34/49 MP: 0/10
  4988 | D:4      | Learned a level 4 spell: Airstrike
  5109 | D:4      | Reached skill level 4 in Air Magic
  5426 | D:4      | Found an ancient bone altar of Kikubaaqudgha.
  5427 | D:4      | Noticed a human
  5430 | D:4      | Killed a human
  6177 | D:4      | Found Xatelu's Jewellery Shop.
  6177 | D:4      | Found Woikhec's General Store.
  6211 | D:4      | Found Oliprun's Assorted Antiques.
  6213 | D:4      | Found Enasits's Distillery.
  6221 | D:4      | Bought a potion of heal wounds for 60 gold pieces
  6224 | D:4      | Bought a scroll of enchant weapon for 105 gold pieces
  6372 | D:5      | Entered Level 5 of the Dungeon
  6440 | D:5      | Your scales start taking on an icy white colour.
  6440 | D:5      | Reached XP level 7. HP: 51/56 MP: 2/11
  6440 | D:5      | Gained mutation: Your flesh is cold resistant. (rC+) [White
                  | Draconian growth]
  6952 | D:5      | Found Eroukhu's Book Boutique.
  7065 | D:5      | Noticed Ijyb
  7070 | D:5      | Killed Ijyb
  7496 | D:6      | Reached * piety under Sif Muna
  7639 | D:6      | Reached XP level 8. HP: 45/63 MP: 2/13
  8359 | D:7      | Identified the +1 scale mail of Joy {*Corrode rN+ Dex+2}
  8580 | D:7      | Reached skill level 5 in Air Magic
  8593 | D:7      | Reached skill level 1 in Invocations
  8944 | D:7      | Reached XP level 9. HP: 72/72 MP: 0/15
  9641 | D:8      | Found a sacrificial altar of Ru.
  9897 | D:8      | Reached ** piety under Sif Muna
  9899 | D:8      | Reached skill level 5 in Fighting
 10681 | D:9      | Noticed a troll
 10683 | D:9      | Killed a troll
 10684 | D:9      | Reached skill level 5 in Spellcasting
 10684 | D:9      | Reached skill level 5 in Conjurations
 10739 | D:9      | Found a snail-covered altar of Cheibriados.
 10853 | D:9      | Reached skill level 5 in Dodging
 10971 | D:9      | Reached skill level 6 in Air Magic
 11536 | D:9      | Noticed Prince Ribbit
 11541 | D:9      | Killed Prince Ribbit
 11645 | D:9      | Noticed Harold
 11650 | D:9      | Killed Harold
 11650 | D:9      | Noticed a centaur warrior
 11651 | D:9      | Reached skill level 5 in Polearms
 11651 | D:9      | Reached XP level 10. HP: 83/83 MP: 1/18
 11774 | D:9      | Mangled by a yak

Illustrated notes

Levels and vault maps discovered:
D:1:      scummos_arrival_checkerplants, layout_loops_corners, st_stairs_1,
          minmay_cut_off
D:2:      layout_basic
D:3:      kennysheep_slugbush, layout_basic
D:4:      layout_basic, tgw_kikubaaqudgha, minmay_temple_entry_glass,
          serial_demonic, serial_demonic_a, serial_demonic_e, serial_demonic_a,
          serial_demonic_g, serial_demonic_a, serial_demonic_d,
          serial_demonic_d, serial_demonic_f, minmay_shop_grid_forest,
          hangedman_decor_riveting
D:5:      layout_loops_cross, nicolae_stop_n_shop_1, uniq_ijyb
D:6:      layout_gridville
D:7:      layout_cave_pools
D:8:      layout_cave_pods, nicolae_ru_awakened_eye, enter_bailey_2
D:9:      layout_cave_pools, slow_altar_1, grunt_ministairs_2, st_stairs_5,
          minmay_misc_feat_ornament, minmay_st_funbox, uniq_prince_ribbit1,
          uniq_harold
Temple:   compressed_dpeg_triangle_lava_temple

Skill      XL: |  1  2  3  4  5  6  7  8  9 |
---------------+----------------------------+-----
Dodging        | 2 3 4 5 |  5.4
Stealth        | 2 3 4 |  4.2
Fighting       | 1 2 3 4 5 |  5.9
Conjurations   | 2 3 4 5 |  5.6
Polearms       | 1 2 3 5 |  5.1
Air Magic      | 4 5 6 |  6.4
Spellcasting   | 3 4 5 |  5.5
Invocations    | 2 4 |  4.3

Action                   |  1- 3 |  4- 6 |  7- 9 | 10-12 || total
-------------------------+-------+-------+-------+-------++-------
Melee: Unarmed           |    41 |    10 |       |       ||    51
       Tailslap          |     7 |     8 |    16 |       ||    31
       Spear             |       |    32 |    79 |       ||   111
       Punch             |       |       |     2 |       ||     2
 Cast: Shock             |   126 |   164 |    74 |       ||   364
       Static Discharge  |       |     5 |    57 |     7 ||    69
       Airstrike         |       |     3 |    50 |       ||    53
  Use: Scroll            |       |     5 |     5 |     1 ||    11
Armor: Skin              |    22 |    82 |    64 |    12 ||   180
Dodge: Dodged            |    46 |   121 |   103 |    19 ||   289

Table legend: (Time is in decaauts)
 A = Elapsed time spent in this place.
 B = Non-inter-level travel time spent in this place.
 C = Inter-level travel time spent in this place.
 D = Time resting spent in this place.
 E = Time spent auto-exploring this place.
 F = Levels seen in this place.
 G = Mean time per level.
                   A        B        C        D        E       F      G
               +--------+--------+--------+--------+--------+-----+--------+
         Total |  11801 |  11692 |    109 |   5325 |   4716 |  10 | 1180.1 |
       Dungeon |  11507 |  11398 |    109 |   5325 |   4473 |   9 | 1278.6 |
        Temple |    293 |    293 |      0 |      0 |    243 |   1 |  293.0 |
               +--------+--------+--------+--------+--------+-----+--------+

Top non-repeatable levels by time:
     D:1: 1743 daAuts
     D:4: 1738 daAuts
     D:8: 1623 daAuts
     D:2: 1361 daAuts
     D:3: 1255 daAuts
     D:7: 1139 daAuts
     D:5: 1084 daAuts
     D:6: 935 daAuts
     D:9: 626 daAuts
  Temple: 293 daAuts
